Unix NetHack Version 5.0.0-0 post-release - last build Jun 10 2026 00:39:30 (3ee93aec679c4c4259841fe613dc97188e26a321,branch:main).

Game began 2026-06-27 21:40:44, ended 2026-06-27 21:53:57.

Felix1, neutral male human Archeologist

                                                                       -----
                                                                       ....|
                                            `#######################   |...|
                                           ##--------           #  ####-...|
                                            #|......|        ---|- #   |...|
                                           ##-...<..|        |....##   |...|
                                           ##|......|        |...|##   |...|
                                             |......|       #|...|##   -----
                                             |......|     ###-----##      #
                                             -------- ##############      #
                             #######          ### #########       #       #
                                   e           #    #             #       #
                                   @B#############  #             #       #
                                              --.-+-#             #-------.--
                                              |....|#             #-(.......|
                                              |....|#              |........|
                                              |.....#              |........|
                                              ------               |........|
                                                                   ----------

Felix1 the Field Worker    St:3 Dx:13 Co:10 In:15 Wi:17 Ch:9  Neutral
Dlvl:3  $:810 HP:0(30) Pw:14(14) AC:9  Xp:3 T:1738  Burdened

Latest messages:
 You destroy the kobold zombie!
 You see here a dagger.
 You see here a dagger.
 You have a little trouble lifting t - a dagger.
 You find a hidden passage.
 The homunculus bites!
 You are put to sleep by the homunculus!
 The homunculus bites!
 The homunculus bites!
 The combat suddenly awakens you.
 You don't know any spells right now.
 You miss the homunculus.
 The homunculus bites!
 The homunculus bites!
 You miss the homunculus.
 The homunculus bites!
 You miss the homunculus.
 The homunculus bites!
 You miss the homunculus.
 The homunculus bites!
 The homunculus bites!
 You lash the homunculus.
 The homunculus bites!
 You miss the homunculus.
 The homunculus bites!
 You are put to sleep by the homunculus!
 The homunculus bites!
 The combat suddenly awakens you.
 The homunculus bites!
 You are put to sleep by the homunculus!
 The homunculus bites!
 You wake up.
 You lash the homunculus.
 The homunculus bites!
 You kill the homunculus!
 You see here a homunculus corpse.
 There is a homunculus corpse here; eat it? [ynq] (n) y
 This homunculus corpse tastes okay.
 You finish eating the homunculus corpse.
 You lash the floating eye.
 You miss the floating eye.
 You are frozen by the floating eye's gaze!
 The giant bat bites!
 The giant bat bites!
 The giant bat bites!
 The giant bat bites!
 The giant bat bites!
 The giant bat bites!
 You die...
 Do you want your possessions identified? [ynq] (y) q

Inventory:
 Coins    ('$')
  $ - 810 gold pieces
 Weapons  (')')
  o - 9 +0 darts
  t - a +0 dagger
  a - a +2 bullwhip (weapon in right hand)
 Armor    ('[')
  c - an uncursed +0 fedora (being worn)
  b - an uncursed +0 leather jacket (being worn)
 Comestibles  ('%')
  d - 4 uncursed food rations
 Scrolls  ('?')
  r - an uncursed scroll of destroy armor
  j - an uncursed scroll of remove curse
  q - an uncursed scroll of stinking cloud
  l - an uncursed scroll of teleportation
 Potions  ('!')
  k - an uncursed potion of fruit juice
  n - an uncursed potion of restore ability
 Wands    ('/')
  p - a wand of locking (0:4)
 Tools    ('(')
  h - an empty uncursed sack
  i - an uncursed oil lamp
  e - a +0 pick-axe (alternate weapon; not wielded)
  f - a tinning kit (0:43)
 Gems/Stones  ('*')
  m - 2 uncursed worthless pieces of violet glass
  g - an uncursed touchstone

Felix1 the Archeologist's attributes:

Background:
 You were a Field Worker, a level 3 male human Archeologist.
 You were neutral, nominally on a mission for Camaxtli
 who was opposed by Quetzalcoatl (lawful) and Huhetotl (chaotic).
 You were right-handed.
 You were in the Dungeons of Doom, on level 3.
 You entered the dungeon 1738 turns ago.
 You had 57 experience points, 23 more were needed to attain level 4.

Basics:
 You had 0 out of 30 hit points.
 You had all 14 energy points (spell power).
 Your armor class was 9.
 Your wallet contained 810 zorkmids.
 Autopickup was off.

Final Characteristics:
 Your strength was 3 (peak:12, limit:18/100).
 Your dexterity was 13 (limit:18).
 Your constitution was 10 (limit:18).
 Your intelligence was 15 (limit:18).
 Your wisdom was 17 (limit:18).
 Your charisma was 9 (limit:18).

Final Status:
 You weren't hungry.
 You were burdened; movement was slightly slowed.
 You were wielding a whip.
 You had basic skill with whip.

Final Attributes:
 You were devoutly aligned.
 You had automatic searching.
 You were lucky.
 You are dead.

Miscellaneous:
 You didn't encounter any bones levels.
 Total elapsed playing time was 13 minutes and 12 seconds.

Major events:
 Turn
    1: Felix1 the neutral male human Archeologist entered the dungeon
 1394: attained the rank of Field Worker (level 3)
 1738: killed by a giant bat, while frozen by a floating eye's gaze

You didn't know any spells.

Skills:
 Fighting Skills
   bare handed combat [Unskilled]
   two weapon combat  [Unskilled]
   riding             [Unskilled]
 Weapon Skills
   dagger             [Unskilled]
   knife              [Unskilled]
   pick-axe           [Basic]
   short sword        [Unskilled]
   saber              [Unskilled]
   club               [Unskilled]
   quarterstaff       [Unskilled]
   sling              [Unskilled]
   dart               [Unskilled]
   boomerang          [Unskilled]
   whip               [Basic]
   unicorn horn       [Unskilled]
 Spellcasting Skills
   attack spells      [Unskilled]
   healing spells     [Unskilled]
   divination spells  [Unskilled]
   matter spells      [Unskilled]

Voluntary challenges:
 Character rerolling was not enabled.
 You were an atheist.
 You never genocided any monsters.
 You never polymorphed an object.
 You never changed form.
 You used no wishes.
Achievement:
 You attained the rank of Field Worker.

 The Dungeons of Doom: levels 1 to 3
    Level 1:
    Level 2:
    Level 3: <- You were here.
       Final resting place for
          you, killed by a giant bat, while frozen by a floating eye's gaze.


Vanquished creatures:
  a homunculus
  a large kobold
  4 geckos
  2 jackals
  2 foxes
  3 kobolds
  5 grid bugs
  3 lichens
  2 kobold zombies
  3 newts
26 creatures vanquished.

No species were genocided or became extinct.

Game over:
                       ----------
                      /          \
                     /    REST    \
                    /      IN      \
                   /     PEACE      \
                  /                  \
                  |      Felix1      |
                  |      810 Au      |
                  |   killed by a    |
                  |    giant bat     |
                  |                  |
                  |                  |
                  |       2026       |
                 *|     *  *  *      | *
        _________)/\\_//(\/(/\)/\//\/|_)_______

Goodbye Felix1 the Archeologist...

You died in The Dungeons of Doom on dungeon level 3 with 1057 points,
and 810 pieces of gold, after 1738 moves.
You were level 3 with a maximum of 30 hit points when you died.

